[Event "Titled Tuesday Blitz May 30 Early 2023"]
[White "Simonian, Hrair"]
[Black "Galchenko, Matvey"]
[WhiteFideId "13302337"]
[BlackFideId "24175480"]
[WhiteElo "2447"]
[BlackElo "2423"]
[Result "1/2-1/2"]
[Round "07"]
[TimeControl "180+2"]
[Date "2023.05.30"]
[WhiteClock "0:00:07"]
[BlackClock "0:00:01"]

1. e4 e6 2. d4 d5 3. Nc3 Bb4 4. e5 Ne7 5. Bd2 b6 6. Nb5 Bxd2+ 7. Qxd2 O-O 8. f4 Ba6 9. Nf3 c5 10. c3 Nbc6 11. a4 f6 12. Bd3 Qd7 13. O-O cxd4 14. cxd4 Na5 15. Qe3 Nc4 16. Qe2 Rac8 17. exf6 gxf6 18. Rae1 Rc6 19. b3 Na5 20. f5 Nxf5 21. Bxf5 exf5 22. Nh4 Bxb5 23. axb5 Rc7 24. Nxf5 Nxb3 25. Qg4+ Kh8 26. Re7 Qxe7 27. Nxe7 Rxe7 28. h4 Rg7 29. Qf4 Na5 30. h5 Nc4 31. h6 Rg6 32. Re1 Rfg8 33. Re2 Na3 34. Kf1 Nxb5 35. Re7 a5 36. g4 a4 37. Qf5 Nxd4 38. Qxd5 Rxg4 39. Rg7 R4xg7 40. hxg7+ Kxg7 41. Qd7+ Kg6 42. Qxd4 Re8 43. Qg4+ Kf7 44. Qd7+ Re7 45. Qxa4 Re5 46. Qd7+ Kg6 47. Qg4+ Kf7 48. Qc4+ Kg6 49. Kg2 b5 50. Qb3 h5 51. Kg3 Rg5+ 52. Kf4 Rg4+ 53. Kf3 Rg5 54. Qg8+ Kf5 55. Qe8 Rg4 56. Qxh5+ Rg5 57. Qe8 Rg7 58. Qe4+ Kg5 59. Qd5+ Kh6 60. Qf5 Rg6 61. Qxb5 Rg5 62. Qc6 Kg6 63. Qe8+ Kg7 64. Qe7+ Kg6 65. Qf8 Rf5+ 66. Kg4 Rg5+ 67. Kf4 Rf5+ 68. Ke4 Re5+ 69. Kd4 Rg5 70. Qe8+ Kg7 71. Qe7+ Kg6 72. Qf8 Re5 73. Qg8+ Kh6 74. Qg4 Rg5 75. Qf4 Kg6 76. Ke4 Re5+ 77. Kd3 Rg5 78. Qe4+ Kg7 79. Qe7+ Kg6 80. Qe8+ Kg7 81. Kd4 Re5 82. Qd7+ Kg6 83. Qg4+ Kf7 84. Qh3 Kg7 85. Qg2+ Kf7 86. Qh1 Kg7 87. Qb7+ Kg6 88. Qc8 Kf7 89. Qh8 Kg6 90. Qf8 Rg5 91. Qe8+ Kg7 92. Qe7+ Kg6 93. Qe2 Re5 94. Qf3 Kf7 95. Qh3 Kg6 96. Qg2+ Kf7 97. Qg4 Rg5 98. Qd7+ Kg6 99. Ke4 Kh6 100. Kf4 Kg6 101. Qe8+ Kg7 102. Qc8 Kg6 103. Qg8+ Kh6 104. Qh8+ Kg6 105. Qg8+ Kh6 106. Qf7 Rg6 107. Kf5 Rg5+ 108. Ke6 Rg6 109. Qf8+ Kg5 110. Kf7 Rh6 111. Qc5+ 1/2-1/2


[Site "https://www.chess.com"]

[Event "Titled Tuesday Blitz May 30 Early 2023"]
[White "Asis Gargatagli, Hipolito"]
[Black "Vakhlamov, Igor L."]
[WhiteFideId "2260735"]
[BlackFideId "24126748"]
[WhiteElo "2557"]
[BlackElo "2407"]
[Result "1-0"]
[Round "07"]
[TimeControl "180+2"]
[Date "2023.05.30"]
[WhiteClock "0:00:07"]
[BlackClock "0:00:00"]

1. e4 c5 2. Nf3 e6 3. d4 cxd4 4. Nxd4 Nf6 5. Nc3 Nc6 6. a3 d5 7. exd5 exd5 8. Be3 Be7 9. Qd2 O-O 10. O-O-O Ng4 11. Bf4 Bf6 12. Nb3 d4 13. Ne4 Bf5 14. Bd3 Rc8 15. Kb1 Nge5 16. Nxf6+ Qxf6 17. Bxe5 Qxe5 18. Rhe1 Qf6 19. Bxf5 Qxf5 20. f3 Rfd8 21. Qd3 Qf4 22. g3 Qc7 23. f4 a5 24. Re2 h6 25. Rde1 Qd6 26. Nd2 Qd5 27. Nc4 Qc5 28. Ne5 b5 29. Qf5 Nxe5 30. Rxe5 Qc4 31. Qd3 Qc6 32. Rxb5 Qg2 33. h4 Rd5 34. Rxd5 Qxd5 35. c4 Qc5 36. Re5 Qb6 37. Rd5 Rb8 38. Rb5 Qc7 39. Rxb8+ Qxb8 40. Qxd4 a4 41. c5 Qb5 42. Qc3 Qc6 43. Kc2 Qe4+ 44. Kc1 Qh1+ 45. Kd2 Qg2+ 46. Kd1 Qh1+ 47. Kc2 Qg2+ 48. Kb1 Qh1+ 49. Qc1 Qe4+ 50. Ka1 Qc6 51. f5 h5 52. Ka2 Qd5+ 53. Kb1 Qc6 54. Qc4 Qh1+ 55. Kc2 Qg2+ 56. Kc3 Qxg3+ 57. Kb4 Qb8+ 58. Kxa4 Qa8+ 59. Kb3 Qb7+ 60. Ka2 g5 61. fxg6 Kh8 62. c6 1-0


[Site "https://www.chess.com"]

[Event "Titled Tuesday Blitz May 30 Early 2023"]
[White "Halkias, Stelios"]
[Black "Kovalenko, Igor"]
[WhiteFideId "4201809"]
[BlackFideId "14117908"]
[WhiteElo "2451"]
[BlackElo "2574"]
[Result "0-1"]
[Round "07"]
[TimeControl "180+2"]
[Date "2023.05.30"]
[WhiteClock "0:00:09"]
[BlackClock "0:00:39"]

1. d4 Nf6 2. c4 g6 3. Nf3 Bg7 4. g3 c5 5. dxc5 Qa5+ 6. Bd2 Qxc5 7. Nc3 d6 8. Rc1 O-O 9. Bg2 Nc6 10. b3 Be6 11. O-O Rfc8 12. Nd5 Bxd5 13. b4 Qb6 14. Be3 Bxf3 15. Bxb6 Bxg2 16. Kxg2 axb6 17. Qb3 Ra7 18. Qe3 Ng4 19. Qxb6 Bd4 20. Qb5 Rb8 21. c5 dxc5 22. bxc5 Rxa2 23. Rfd1 Nxf2 24. Rxd4 Nxd4 25. Qc4 Rxe2 26. Kf1 e5 27. Rb1 Ng4 28. Rb3 Nxh2+ 29. Kg1 Nhf3+ 30. Kf1 Nd2+ 0-1


[Site "https://www.chess.com"]

[Event "Titled Tuesday Blitz May 30 Early 2023"]
[White "Boyer, Mahel"]
[Black "Sethuraman, S.P."]
[WhiteFideId "45102422"]
[BlackFideId "5021596"]
[WhiteElo "2439"]
[BlackElo "2543"]
[Result "1-0"]
[Round "07"]
[TimeControl "180+2"]
[Date "2023.05.30"]
[WhiteClock "0:00:02"]
[BlackClock "0:00:00"]

1. e4 c5 2. Nf3 Nc6 3. Bc4 e6 4. O-O Nge7 5. Re1 a6 6. c3 b5 7. Bf1 d5 8. exd5 Nxd5 9. a4 b4 10. d4 cxd4 11. Nxd4 Nxd4 12. Qxd4 Bb7 13. Nd2 bxc3 14. bxc3 Qf6 15. Qg4 h5 16. Qh3 Qxc3 17. Qxc3 Nxc3 18. Bb2 Bb4 19. Nc4 O-O 20. Re3 Nd5 21. Rg3 f6 22. Be2 Nf4 23. Bf3 Rac8 24. Ne3 Bxf3 25. Rxf3 e5 26. g3 Nd3 27. Rb1 Ne1 28. Rf5 g6 29. Bxe5 gxf5 30. Bf4 Nd3 31. Bh6 Rfd8 32. Nxf5 Rc1+ 33. Bxc1 Kf7 34. Be3 a5 35. Nd4 Rc8 36. Rd1 Ne5 37. Nb5 Kg6 38. Bf4 Nf3+ 39. Kg2 Ne1+ 40. Kf1 Nf3 41. Kg2 Ng5 42. Bxg5 fxg5 43. Rd5 Rc2 44. Nd4 Ra2 45. Nf3 g4 46. Nh4+ Kh6 47. Nf5+ Kg6 48. Nh4+ Kh6 49. Nf5+ Kh7 50. Ne3 Kg6 51. Nc4 Rxa4 52. Ne5+ Kf6 53. Nd3 Bc3 54. Rxh5 Rd4 55. Nf4 Kg7 56. Rc5 Bb4 57. Ne6+ Kf6 58. Nxd4 Bxc5 59. Nb3 Bb4 60. f3 a4 61. Nc1 Bd2 62. Na2 Kf5 63. fxg4+ 1-0


[Site "https://www.chess.com"]

[Event "Titled Tuesday Blitz May 30 Early 2023"]
[White "Oleksiyenko, Mykhaylo"]
[Black "Bryakin, Mikhail"]
[WhiteFideId "4152417"]
[BlackFideId "4165314"]
[WhiteElo "2551"]
[BlackElo "2467"]
[Result "0-1"]
[Round "07"]
[TimeControl "180+2"]
[Date "2023.05.30"]
[WhiteClock "0:00:00"]
[BlackClock "0:00:19"]

1. e4 Nf6 2. e5 Nd5 3. d4 d6 4. c4 Nb6 5. exd6 exd6 6. Nc3 Nc6 7. Be3 Be7 8. Bd3 d5 9. c5 Nc4 10. Bxc4 dxc4 11. Nge2 O-O 12. O-O b6 13. Qa4 Na5 14. d5 Bd7 15. c6 Bf5 16. b4 cxb3 17. axb3 a6 18. Rfd1 Bc2 19. Rdc1 Bxb3 20. Qe4 Bf6 21. Bd4 Re8 22. Qf5 Bc4 23. Bxf6 Qxf6 24. Qxf6 gxf6 25. Re1 Rad8 26. Nf4 Kf8 27. Rxe8+ Rxe8 28. f3 Nb3 29. Rd1 Rd8 30. Kf2 b5 31. Ne4 f5 32. d6 Rc8 33. d7 Rd8 34. Nc5 Na5 35. Rd4 Nxc6 36. Rd2 Ne5 0-1


[Site "https://www.chess.com"]

[Event "Titled Tuesday Blitz May 30 Early 2023"]
[White "Mendonca, Leon Luke"]
[Black "Di Benedetto, Edoardo"]
[WhiteFideId "35028561"]
[BlackFideId "875740"]
[WhiteElo "2464"]
[BlackElo "2296"]
[Result "1/2-1/2"]
[Round "07"]
[TimeControl "180+2"]
[Date "2023.05.30"]
[WhiteClock "0:00:05"]
[BlackClock "0:00:04"]

1. e4 e6 2. d4 d5 3. Nd2 c5 4. exd5 Qxd5 5. Ngf3 cxd4 6. Bc4 Qd7 7. O-O Nc6 8. Nb3 a6 9. Nbxd4 Nxd4 10. Nxd4 Qc7 11. Bd3 Bd6 12. h3 Ne7 13. c3 Bd7 14. Qe2 O-O-O 15. Be3 Nc6 16. Be4 Nxd4 17. cxd4 Kb8 18. Rfc1 Qa5 19. b4 Qb5 20. Bd3 Qd5 21. Bc4 Bb5 22. Bxb5 Qxb5 23. Qxb5 axb5 24. a4 bxa4 25. Rxa4 Rc8 26. Rca1 Kc7 27. b5 Kd7 28. Ra7 Rb8 29. Kf1 Rhc8 30. Ke2 Rc4 31. Rb1 Rb4 32. Rxb4 Bxb4 33. Kd3 Bd6 34. g4 Bc7 35. Ke4 Bb6 36. Ra1 Rc8 37. h4 g6 38. g5 Rc2 39. Ra8 Rc8 40. Rxc8 Kxc8 41. d5 exd5+ 42. Kxd5 Bc7 43. Bd4 Kd7 44. Be5 Ba5 45. Bd4 Bd2 46. Ke5 Ke7 47. Bc5+ Ke8 48. Bd4 Ke7 49. Bc5+ Ke8 50. Ba3 Be1 51. Kd6 Bxf2 52. Kc7 b6 53. Bd6 Bxh4 54. Kxb6 Bxg5 55. Kc6 Be3 56. b6 Bxb6 57. Kxb6 Kd7 58. Kc5 Ke6 59. Bc7 Kf5 60. Kd4 h5 61. Ke3 Kg4 62. Kf2 f5 63. Kg2 f4 64. Bd8 g5 65. Kf2 Kf5 66. Be7 h4 67. Kg2 Kg4 68. Bd8 h3+ 69. Kh2 f3 70. Bb6 Kh4 71. Bf2+ Kg4 72. Be1 Kf4 73. Kxh3 Ke3 74. Kg4 Ke2 75. Bg3 f2 76. Bxf2 Kxf2 77. Kxg5 1/2-1/2


[Site "https://www.chess.com"]

[Event "Titled Tuesday Blitz May 30 Early 2023"]
[White "Kukhmazov, Arsen"]
[Black "Agibileg, Uurtsaikh"]
[WhiteFideId "24108260"]
[BlackFideId "4901606"]
[WhiteElo "2396"]
[BlackElo "2353"]
[Result "1-0"]
[Round "07"]
[TimeControl "180+2"]
[Date "2023.05.30"]
[WhiteClock "0:00:09"]
[BlackClock "0:00:00"]

1. d4 Nf6 2. c4 g6 3. h4 d5 4. Nc3 Bg7 5. cxd5 Nxd5 6. h5 Nxc3 7. bxc3 c5 8. h6 Bf6 9. Nf3 Nc6 10. e3 Bg4 11. Be2 O-O 12. O-O Qd5 13. Rb1 Rab8 14. c4 Qh5 15. d5 Ne5 16. e4 Nxf3+ 17. Bxf3 Be5 18. Re1 Qh2+ 19. Kf1 Qh1+ 20. Ke2 Qxg2 21. Qd3 f5 22. Bxg4 fxg4 23. Be3 g3 24. Rf1 Rf7 25. Kd2 b6 26. Rg1 Rxf2+ 27. Bxf2 Qxf2+ 28. Qe2 Qd4+ 29. Qd3 Qf2+ 30. Qe2 Bf4+ 31. Kd3 Qd4+ 32. Kc2 Rf8 33. Rbf1 Be5 34. Rxf8+ Kxf8 35. Rf1+ Ke8 36. Rb1 Qc3+ 37. Kd1 g2 38. Qxg2 Qd3+ 39. Kc1 Qc3+ 40. Kd1 Qd4+ 41. Qd2 Qxe4 42. Qc2 Qh1+ 43. Kd2 Bf4+ 44. Kc3 Qf3+ 45. Qd3 Be5+ 46. Kc2 Qf2+ 47. Qd2 Qf5+ 48. Qd3 Qf2+ 49. Qd2 Qf3 50. Qd3 Qg2+ 51. Qd2 Qg4 52. Qd3 Kd7 53. Re1 Qg2+ 54. Re2 Qg3 55. Qxg3 Bxg3 56. Kd3 Bf4 57. Rf2 Bxh6 58. Rf7 Bf4 59. Rxh7 g5 60. Ke4 a6 61. a4 b5 62. axb5 axb5 63. cxb5 Bd6 64. Rg7 Kc7 65. Kd3 Kb6 66. Kc4 e6 67. dxe6 1-0


[Site "https://www.chess.com"]

[Event "Titled Tuesday Blitz May 30 Early 2023"]
[White "Ilamparthi A R"]
[Black "Novikov, Evgenij"]
[WhiteFideId "45015775"]
[BlackFideId "4125380"]
[WhiteElo "2348"]
[BlackElo "2242"]
[Result "1-0"]
[Round "07"]
[TimeControl "180+2"]
[Date "2023.05.30"]
[WhiteClock "0:00:13"]
[BlackClock "0:00:00"]

1. e4 c5 2. Nf3 e6 3. d3 g6 4. g3 Bg7 5. Bg2 Ne7 6. O-O O-O 7. Re1 Nbc6 8. c3 b5 9. d4 cxd4 10. cxd4 d5 11. e5 b4 12. Bg5 h6 13. Bf4 a5 14. h4 Ba6 15. Nbd2 Bd3 16. Nb3 Bf5 17. Nc5 Bg4 18. Nb7 Qb6 19. Nc5 Qd8 20. a4 Nf5 21. Nb3 Qb6 22. Be3 f6 23. exf6 Bxf6 24. Qd3 Bxf3 25. Bxf3 Ncxd4 26. Bg4 Nxe3 27. Qxe3 Ra6 28. Qxh6 Nxb3 29. Qxg6+ Kh8 30. Bxe6 Qxe6 31. Rxe6 Rxe6 32. Qh5+ Kg7 33. Qg4+ Kf7 34. Rd1 Nd4 35. Rxd4 Bxd4 36. Qxd4 Rd8 37. h5 Re4 38. Qa7+ Re7 39. Qxa5 Red7 40. h6 d4 41. Qf5+ Kg8 42. Qg6+ Kh8 43. Qd3 b3 44. a5 Rd6 45. a6 Rxh6 46. a7 Rhd6 47. Qe4 d3 48. a8=Q d2 49. Qxd8+ Rxd8 50. Qh4+ Kg7 51. Qxd8 1-0


[Site "https://www.chess.com"]

[Event "Titled Tuesday Blitz May 30 Early 2023"]
[White "Svane, Rasmus"]
[Black "MaryanKyrychenko"]
[WhiteFideId "4657101"]
[WhiteElo "2601"]
[BlackElo "2640"]
[Result "1-0"]
[Round "07"]
[TimeControl "180+2"]
[Date "2023.05.30"]
[WhiteClock "0:00:18"]
[BlackClock "0:00:05"]

1. Nf3 d5 2. g3 c5 3. Bg2 Nc6 4. d4 cxd4 5. Nxd4 Nf6 6. O-O e5 7. Nxc6 bxc6 8. c4 Be7 9. Nc3 Be6 10. Bg5 e4 11. cxd5 cxd5 12. Qa4+ Qd7 13. Qxd7+ Nxd7 14. Bxe7 Kxe7 15. Rfd1 Nb6 16. f3 f5 17. Nb5 Rhc8 18. Nd4 Nc4 19. b3 Ne3 20. Rdc1 Nxg2 21. Kxg2 Bd7 22. Kf2 g6 23. h4 Kd6 24. Ke3 a5 25. a4 Rab8 26. Kd2 h6 27. f4 g5 28. Rxc8 Rxc8 29. hxg5 hxg5 30. Rh1 gxf4 31. gxf4 Kc5 32. e3 Rg8 33. Rh7 Rg2+ 34. Kc3 Be8 35. Re7 Bh5 36. Re6 Rg6 37. Rxg6 Bxg6 38. Nc2 Be8 39. Nd4 Bd7 40. Ne2 Be8 41. Ng3 Bd7 42. Nh5 Bc8 43. Nf6 Be6 44. Nh7 Bd7 45. Ng5 Bc8 46. Nf7 Be6 47. Nd8 Bd7 48. Nb7+ Kb6 49. Nd6 Kc5 50. Nf7 Be6 51. Ne5 Bc8 52. Ng6 Bd7 53. Nh4 Bc8 54. Ng2 Bd7 55. Ne1 Bc8 56. Nc2 Be6 57. b4+ axb4+ 58. Nxb4 Bd7 59. a5 Bc8 60. a6 Kb6 61. Nxd5+ Kxa6 62. Kd4 Kb7 63. Ke5 Bd7 64. Ne7 Kc7 65. Nxf5 Kd8 66. Kxe4 Bc6+ 67. Ke5 Kd7 68. e4 Ba4 69. Nd4 Ke8 70. f5 Bd1 71. Kf6 Bh5 72. e5 Bd1 73. e6 Ba4 74. Ke5 Bd1 75. f6 Bh5 76. Kd6 Bf7 77. exf7+ Kf8 78. Ke5 Kxf7 79. Kf5 Kf8 80. Kg6 Ke8 81. Nf3 Kf8 82. f7 Ke7 83. Kg7 1-0


[Site "https://www.chess.com"]

[Event "Titled Tuesday Blitz May 30 Early 2023"]
[White "Kozak, Adam"]
[Black "Jakubowski, Krzysztof"]
[WhiteFideId "753246"]
[BlackFideId "1112848"]
[WhiteElo "2469"]
[BlackElo "2359"]
[Result "1-0"]
[Round "07"]
[TimeControl "180+2"]
[Date "2023.05.30"]
[WhiteClock "0:01:38"]
[BlackClock "0:00:43"]

1. e4 c5 2. Nc3 Nc6 3. f4 g6 4. Bb5 Nd4 5. Nf3 Nxb5 6. Nxb5 a6 7. Nc3 Bg7 8. d3 d6 9. O-O Nf6 10. Qe1 O-O 11. Qh4 e6 12. f5 Nd7 13. Bg5 f6 14. fxe6 fxg5 15. Nxg5 h6 16. exd7 hxg5 17. dxc8=Q Rxc8 18. Rxf8+ Qxf8 19. Qxg5 Bd4+ 20. Kh1 Kg7 21. Ne2 Bxb2 22. Rb1 Qf6 23. Qxf6+ Bxf6 24. Rxb7+ Kh6 25. c4 Rf8 26. Ng1 g5 27. h3 g4 28. hxg4 Kg5 29. Nf3+ Kxg4 30. Kg1 Bd4+ 31. Nxd4 cxd4 32. Rb6 Kf4 33. Kf2 Kg4+ 34. Ke2 Kg3 35. Rxd6 Rf2+ 36. Ke1 Rxa2 37. Rxd4 Kxg2 38. e5 Kf3 39. Re4 a5 40. e6 a4 41. e7 1-0


[Site "https://www.chess.com"]

[Event "Titled Tuesday Blitz May 30 Early 2023"]
[White "Fridman, Daniel"]
[Black "Arabidze, Meri"]
[WhiteFideId "11600454"]
[BlackFideId "13604040"]
[WhiteElo "2525"]
[BlackElo "2405"]
[Result "1-0"]
[Round "07"]
[TimeControl "180+2"]
[Date "2023.05.30"]
[WhiteClock "0:01:25"]
[BlackClock "0:00:00"]

1. d4 Nf6 2. Nf3 e6 3. c4 b6 4. g3 Bb7 5. Bg2 Bb4+ 6. Bd2 Bxd2+ 7. Qxd2 O-O 8. O-O d6 9. Qc2 Nbd7 10. Nc3 e5 11. dxe5 dxe5 12. Rfd1 Qc8 13. Bh3 Qe8 14. Nb5 Qe7 15. Nxc7 Rac8 16. Nb5 e4 17. Nfd4 e3 18. f3 g6 19. Nxa7 Rc5 20. Nab5 Rh5 21. Bg2 Ne5 22. Qc3 Neg4 23. fxg4 Nxg4 24. Bxb7 Rxh2 25. Nf3 Rf2 26. Bd5 h5 27. Rd4 Rxe2 28. Qd3 1-0


[Site "https://www.chess.com"]

[Event "Titled Tuesday Blitz May 30 Early 2023"]
[White "RobertDowneyJr0111"]
[Black "Zemlyanskii, Ivan"]
[BlackFideId "24249971"]
[WhiteElo "2634"]
[BlackElo "2421"]
[Result "0-1"]
[Round "07"]
[TimeControl "180+2"]
[Date "2023.05.30"]
[WhiteClock "0:00:00"]
[BlackClock "0:00:06"]

1. e4 c5 2. Nf3 e6 3. d4 cxd4 4. Nxd4 Nf6 5. Nc3 Nc6 6. g3 d5 7. Bg2 Bc5 8. Nb3 Bb4 9. Bd2 O-O 10. O-O Bxc3 11. Bxc3 Nxe4 12. Bxe4 dxe4 13. Qg4 e5 14. Qxe4 f6 15. Rfd1 Qe7 16. Qd5+ Be6 17. Qd6 Qf7 18. Nc5 Bg4 19. Qd3 Rfd8 20. Qf1 Rxd1 21. Rxd1 Bxd1 22. Qxd1 b6 23. Qf3 Rc8 24. Ne4 Qe6 25. g4 Ne7 26. h3 Nd5 27. Qd3 Nf4 28. Qe3 Qxa2 29. Kh2 Qb1 30. Nd6 Rd8 31. Bxe5 Nd5 32. Qd3 Qa2 33. b3 Qa5 34. Nb7 Qe1 35. Nxd8 Qxf2+ 36. Kh1 Qe1+ 37. Kg2 Qxe5 38. Qc4 Kf8 39. Qc8 Qe2+ 40. Kg1 Qe1+ 41. Kh2 Qd2+ 42. Kh1 Ne7 43. Qa8 Qc1+ 44. Kg2 Qxc2+ 45. Kg1 Qxb3 46. Nc6+ Kf7 47. Nd8+ Ke8 48. Ne6+ Kd7 49. Nf8+ Kc7 50. Qxa7+ Kd6 51. Qd7+ Ke5 52. Qxe7+ Kf4 53. Ne6+ Kg3 0-1


[Site "https://www.chess.com"]

[Event "Titled Tuesday Blitz May 30 Early 2023"]
[White "Dehtiarov, Roman"]
[Black "Hayrapetyan, Hovik"]
[WhiteFideId "14186640"]
[BlackFideId "13302639"]
[WhiteElo "2189"]
[BlackElo "2348"]
[Result "1/2-1/2"]
[Round "07"]
[TimeControl "180+2"]
[Date "2023.05.30"]
[WhiteClock "0:00:05"]
[BlackClock "0:00:08"]

1. e4 c5 2. Nc3 d6 3. f4 g6 4. Nf3 Bg7 5. Bb5+ Bd7 6. Bxd7+ Qxd7 7. O-O Nc6 8. d3 e6 9. Qe1 Nge7 10. Qf2 O-O 11. Be3 a6 12. Rad1 f5 13. Rfe1 b5 14. e5 dxe5 15. Nxe5 Nxe5 16. fxe5 Bxe5 17. Bxc5 Bf6 18. d4 Rfe8 19. Bxe7 Rxe7 20. Ne2 Qa7 21. Nf4 Rae8 22. c3 Kf7 23. Nd3 e5 24. dxe5 Qxf2+ 25. Kxf2 Bxe5 26. Nxe5+ Rxe5 27. Rxe5 Rxe5 28. Rd7+ Re7 29. Rd8 g5 30. Ra8 Re6 31. g3 h5 32. h4 gxh4 33. gxh4 Kf6 34. Kf3 Ke5 35. Rh8 Rd6 36. Ke3 f4+ 37. Ke2 Ke4 38. Re8+ Kf5 39. Rg8 Re6+ 40. Kf2 Re3 41. Rg5+ Ke4 42. Rxh5 Rd3 43. Rh6 Rd2+ 44. Ke1 Rxb2 45. Rxa6 Ke3 46. Re6+ Kf3 47. h5 Rxa2 48. h6 Ra1+ 49. Kd2 Rh1 50. Rf6 Kg3 51. Kc2 f3 52. Kd2 f2 53. Rg6+ Kf3 54. Rf6+ Kg2 55. Rg6+ Kf1 56. Rf6 Rh3 57. Kd1 Kg2 58. Ke2 Rxh6 59. Rxf2+ Kg3 60. Rf3+ Kg4 61. Rd3 Rh2+ 62. Kd1 Kf4 63. Kc1 Ke4 64. Rg3 Kd5 65. Rg4 Kc5 66. Kb1 Kb6 67. Ka1 Ka5 68. Kb1 Rd2 69. Kc1 Ra2 70. Kb1 Ra4 71. Rg8 Rc4 72. Kb2 Rh4 73. Kb3 Kb6 74. Rg6+ Kc5 75. Rg5+ Kc6 76. Ka3 Rh2 77. Kb4 Rh4+ 78. Kb3 Rh6 79. Rf5 Kb6 80. c4 bxc4+ 81. Kxc4 Rh4+ 82. Kd5 Kb5 83. Re5 1/2-1/2


[Site "https://www.chess.com"]

[Event "Titled Tuesday Blitz May 30 Early 2023"]
[White "Al-Tarboush, Ward"]
[Black "Mahdavi, Reza"]
[WhiteFideId "7601450"]
[BlackFideId "12595926"]
[WhiteElo "2265"]
[BlackElo "2352"]
[Result "0-1"]
[Round "07"]
[TimeControl "180+2"]
[Date "2023.05.30"]
[WhiteClock "0:00:56"]
[BlackClock "0:01:42"]

1. Nc3 c5 2. Nf3 Nc6 3. e4 d6 4. Bb5 Bd7 5. O-O Nf6 6. d3 e5 7. Re1 Be7 8. Bg5 O-O 9. Qd2 Ne8 10. Be3 Nd4 11. Bxd4 cxd4 12. Bxd7 dxc3 13. bxc3 Qxd7 14. c4 f5 15. Rab1 b6 16. Qe3 Nf6 17. exf5 Qxf5 18. Nd4 Qd7 19. h3 Rae8 20. Nb5 Nh5 21. Nc3 Nf4 22. Nd5 Nxd5 23. cxd5 Rf5 24. c4 Ref8 25. f3 Bg5 26. Qe2 Bf4 27. g4 R5f6 28. Kg2 Bg5 29. Rf1 h5 30. Ra1 hxg4 31. hxg4 Kf7 32. a4 Rh8 33. a5 Rfh6 34. Rh1 Bf4 35. Rxh6 Rxh6 36. Rh1 Rxh1 37. Kxh1 bxa5 38. Qa2 a4 39. Kg2 Bc1 40. Qc2 Ba3 41. Qc3 Bc5 42. Qa5 a3 43. Qa6 Qc7 44. Qa4 Qb7 45. Kg3 Ke7 46. Qa5 Qb6 47. Qd2 Be3 48. Qh2 Bf4+ 0-1


[Site "https://www.chess.com"]

[Event "Titled Tuesday Blitz May 30 Early 2023"]
[White "Baskakov, Egor"]
[Black "Lenaerts, Lennert"]
[WhiteFideId "24197866"]
[BlackFideId "211435"]
[WhiteElo "2225"]
[BlackElo "2334"]
[Result "1-0"]
[Round "07"]
[TimeControl "180+2"]
[Date "2023.05.30"]
[WhiteClock "0:02:40"]
[BlackClock "0:01:59"]

1. e4 e5 2. Nc3 Nf6 3. g3 Bc5 4. Bg2 c6 5. Nge2 d5 6. exd5 Nxd5 7. Nxd5 cxd5 8. d4 exd4 9. Nxd4 O-O 10. O-O Bxd4 11. Qxd4 Be6 12. Bf4 Nc6 13. Qc5 Rc8 14. Rad1 Qf6 15. c3 Rfd8 16. Rfe1 d4 17. Bg5 Qf5 18. Qxf5 Bxf5 19. Bxd8 Rxd8 20. Bxc6 1-0


[Site "https://www.chess.com"]

[Event "Titled Tuesday Blitz May 30 Early 2023"]
[White "Ibadov, Dashgyn"]
[Black "Hambleton, Aman"]
[WhiteFideId "24107514"]
[BlackFideId "2606577"]
[WhiteElo "2208"]
[BlackElo "2511"]
[Result "1-0"]
[Round "07"]
[TimeControl "180+2"]
[Date "2023.05.30"]
[WhiteClock "0:00:14"]
[BlackClock "0:00:00"]

1. e4 b6 2. d4 Bb7 3. Bd3 e6 4. Nf3 d5 5. Nbd2 Nf6 6. Qe2 Nxe4 7. Nxe4 dxe4 8. Bxe4 Bxe4 9. Qxe4 Qd5 10. Qxd5 exd5 11. Bf4 c6 12. O-O f6 13. b3 Kd7 14. c4 Bd6 15. Bxd6 Kxd6 16. Nh4 g6 17. g3 Na6 18. Ng2 Nc7 19. Ne3 Rhe8 20. Rac1 a5 21. Rc2 Ne6 22. Rd1 a4 23. b4 a3 24. b5 Ra4 25. cxd5 cxd5 26. Rc6+ Kd7 27. Nxd5 Rf8 28. Nxb6+ 1-0


[Site "https://www.chess.com"]

[Event "Titled Tuesday Blitz May 30 Early 2023"]
[White "Gorovets, Andrey"]
[Black "Iskusnyh, Sergei"]
[WhiteFideId "13504037"]
[BlackFideId "4120027"]
[WhiteElo "2459"]
[BlackElo "2492"]
[Result "1-0"]
[Round "07"]
[TimeControl "180+2"]
[Date "2023.05.30"]
[WhiteClock "0:00:09"]
[BlackClock "0:00:00"]

1. Nf3 d5 2. g3 Nf6 3. Bg2 c6 4. c4 Bf5 5. Qb3 Qb6 6. d3 e6 7. Be3 dxc4 8. dxc4 Qxb3 9. axb3 Na6 10. Nd4 Bxb1 11. Rxa6 Be4 12. Bxe4 Nxe4 13. Ra1 Bb4+ 14. Kf1 a6 15. Nc2 Bc5 16. Kg2 Bxe3 17. Nxe3 Ke7 18. f3 Nd2 19. Ra3 Rhd8 20. Rc1 f5 21. Kf2 g6 22. b4 e5 23. b3 Rd7 24. Ke1 Rad8 25. Rc2 f4 26. Ng4 Ke6 27. gxf4 exf4 28. Rb2 Kf5 29. h3 h5 30. Nf2 Kg5 31. Raa2 Nxf3+ 32. exf3 Kh4 33. Ne4 Rd3 34. Kf2 Re3 35. Kg2 Rdd3 36. Rf2 Rxb3 37. Rad2 1-0


[Site "https://www.chess.com"]

[Event "Titled Tuesday Blitz May 30 Early 2023"]
[White "Sadykov, Ramil"]
[Black "Fernandez Guillen, Ernesto J."]
[WhiteFideId "24113590"]
[BlackFideId "3512428"]
[WhiteElo "2245"]
[BlackElo "2429"]
[Result "1-0"]
[Round "07"]
[TimeControl "180+2"]
[Date "2023.05.30"]
[WhiteClock "0:00:12"]
[BlackClock "0:00:04"]

1. Nf3 Nf6 2. c4 g6 3. g3 Bg7 4. Bg2 O-O 5. O-O d5 6. cxd5 Nxd5 7. d3 c6 8. a3 Nd7 9. Qc2 e5 10. Nc3 N7b6 11. Bg5 f6 12. Bd2 Be6 13. Ne4 Qc7 14. Rac1 Rad8 15. b4 Qb8 16. Nc5 Bf7 17. Rfd1 h6 18. e4 Nc7 19. Be3 f5 20. d4 fxe4 21. Nxe5 Ncd5 22. Nxf7 Rxf7 23. Bxe4 Nxe3 24. fxe3 Rdf8 25. Rf1 Qd6 26. Bxg6 Rxf1+ 27. Rxf1 Rxf1+ 28. Kxf1 Nd5 29. Ke2 Kh8 30. Qf5 Bf6 31. Qc8+ Kg7 32. Bf5 Qe7 33. Qxb7 Nc3+ 34. Kd3 Nd5 35. e4 Qxb7 36. Nxb7 Ne7 37. Bd7 Bg5 38. Na5 Bc1 39. a4 Ba3 40. Kc4 Kf6 41. Nxc6 Ng6 42. e5+ Kf7 43. Nxa7 Ke7 44. Bc6 Bc1 45. Be4 Kd8 46. Bxg6 Kc7 47. Nb5+ 1-0


[Site "https://www.chess.com"]

[Event "Titled Tuesday Blitz May 30 Early 2023"]
[White "splendidkid"]
[Black "Streltsov, Alexey"]
[BlackFideId "24104434"]
[WhiteElo "2766"]
[BlackElo "2592"]
[Result "0-1"]
[Round "07"]
[TimeControl "180+2"]
[Date "2023.05.30"]
[WhiteClock "0:00:08"]
[BlackClock "0:00:57"]

1. d4 d5 2. Nf3 Nf6 3. c4 dxc4 4. Nc3 a6 5. a4 Nc6 6. Bg5 h6 7. Bh4 g5 8. Bg3 g4 9. Ne5 Qxd4 10. Nxc6 Qxd1+ 11. Rxd1 bxc6 12. e3 Be6 13. Bxc7 Nd7 14. Be2 Bg7 15. O-O Ra7 16. Bg3 Rb7 17. Rd2 Nc5 18. Rfd1 O-O 19. Rc2 Bf5 20. Rcd2 Nd3 21. e4 Be6 22. Bxd3 cxd3 23. Rc1 Rd8 24. Nd1 h5 25. Bf4 Bb3 26. Ne3 Bxa4 27. Rc4 Bb5 28. Rc5 Ba4 29. Rc4 e5 30. Bg3 Rd4 31. Rc5 Bc2 32. Nxc2 Rxb2 33. f3 Bh6 34. Nxd4 Be3+ 35. Kf1 Rb1+ 36. Be1 Bxd2 37. Nxc6 Rxe1+ 38. Kf2 Re2+ 39. Kf1 Be3 40. Rd5 Rf2+ 41. Ke1 d2+ 42. Kd1 Rf1+ 43. Kc2 Rc1+ 44. Kb2 d1=Q 45. Rxd1 Rxd1 0-1


[Site "https://www.chess.com"]

[Event "Titled Tuesday Blitz May 30 Early 2023"]
[White "Melian, Juan Sebastian"]
[Black "Quintiliano Pinto, Renato R."]
[WhiteFideId "3706575"]
[BlackFideId "2117568"]
[WhiteElo "2092"]
[BlackElo "2459"]
[Result "1/2-1/2"]
[Round "07"]
[TimeControl "180+2"]
[Date "2023.05.30"]
[WhiteClock "0:00:05"]
[BlackClock "0:00:14"]

1. d4 Nf6 2. c4 e6 3. Nc3 Bb4 4. Qc2 d5 5. a3 Bxc3+ 6. Qxc3 dxc4 7. Qxc4 O-O 8. Nf3 b6 9. Bg5 Ba6 10. Qc2 c5 11. dxc5 bxc5 12. Rd1 Qa5+ 13. Qd2 Qxd2+ 14. Nxd2 Nbd7 15. e3 Bxf1 16. Rxf1 Rab8 17. Nc4 Nd5 18. Ke2 N7b6 19. Nxb6 Rxb6 20. Rd2 f6 21. Bh4 Rfb8 22. Rc1 Rxb2 23. Rxc5 Rxd2+ 24. Kxd2 Rb2+ 25. Ke1 Rb3 26. Ra5 Rb7 27. Bg3 Nc3 28. Kd2 Nd5 29. Kc2 Nb6 30. Rb5 Rd7 31. Rc5 e5 32. f3 Nd5 33. Bf2 h5 34. g3 Nb6 35. e4 Kf7 36. Rc6 Rb7 37. Bxb6 axb6 38. Kc3 Ke7 39. Kb4 Kd7 40. Rc3 Ra7 41. a4 Rc7 42. Rd3+ Kc6 43. Rd8 Rd7 44. Rc8+ Kb7 45. Rg8 Kc6 46. Kc3 Kc5 47. Rc8+ Kd6 48. Rg8 Kc5 49. Rc8+ Kd6 50. Kc4 g5 51. Rh8 Kc6 52. Rxh5 Rd4+ 53. Kc3 Rxa4 54. Rh6 Ra3+ 55. Kc4 Rxf3 56. h4 gxh4 57. gxh4 Re3 58. Rxf6+ Kb7 59. Kd5 b5 60. Kxe5 b4 61. Kd4 Rh3 62. Rf2 b3 63. Rb2 Kc6 64. Kc4 Rxh4 65. Rxb3 Rxe4+ 66. Kd3 Rh4 67. Rc3+ Kd5 68. Kc2 Rc4 69. Rxc4 Kxc4 1/2-1/2


[Site "https://www.chess.com"]